 Dungeon Sprint DCSS version 0.16-a0-3596-g438c78e (webtiles) character file.

42186 BluebellGnoll the Severer (level 13, -9/104 (105) HPs)
             Began as a Demonspawn Gladiator on Jan 12, 2015.
             Was the Champion of Qazlal.
             Killed by divine providence
             ... invoked by Saint Roka
              (10 damage)
             ... while paralysed by Norris
             ... in the Dungeon (Sprint V: "Ziggurat Sprint").
             The game lasted 00:27:37 (1735 turns).

BluebellGnoll the Severer (Demonspawn Gladiator)    Turns: 1735, Time: 00:27:38

HP:   -9/104 (105)  AC: 34    Str: 33    XL:     13   Next: 84%
MP:   0/36          EV:  2    Int: 10    God:    Qazlal [******]
Gold: 0             SH:  0    Dex: 18    Spells: 1 memorised, 11 levels left

rFire  + . .     SeeInvis +     M - +14 obsidian axe {chop, +Fly Str+3 SInv Curse} (curse)
rCold  + . .     Clarity  .     L - +5 gold dragon armour
rNeg   + + +     SustAb   .     N - +18 shield of the gong {rElec rN+ MR+ EV-5}
rPois  +         Gourm    .     (helmet restricted)
rElec  +         Spirit   +     Z - +0 cloak of Penuak {+Twstr rElec Str+3 Slay+5}
rCorr  .         Warding  +     (no gloves)
rMut   .         NoTele   +     R - +0 pair of boots {run}
MR     +....                    a - amulet of warding
Stlth  ..........               t - +6 ring of strength
                                r - ring of the First Wishes {+Inv rN+ MP+5}

@: paralysed, mighty, protected from physical damage, flying (expiring),
mesmerised, studying Spellcasting, repel missiles, quick, somewhat resistant to
hostile enchantments, extremely unstealthy
A: antennae 1, iridescent scales 1, blurry vision 1, frail 1, powered by pain 1,
magic shield, magic regeneration, magic link
a: Upheaval, Elemental Force, Disaster Area, Renounce Religion, Evoke
Invisibility, Evoke Twister


You were in the Dungeon.
You worshipped Qazlal.
Qazlal was exalted by your worship.
You were full.

You visited 1 branch

Inventory:

Hand weapons
 M - the cursed +14 obsidian axe (weapon) {chop, +Fly Str+3 SInv Curse}
   (You found it in the Dungeon)

   It inflicts extra damage upon your enemies.
   It affects your strength (+3).
   It enhances your eyesight.
   It lets you fly.
   It may recurse itself when equipped.
   It has a curse placed upon it.
 O - a +5 broad axe of flaming
 V - the +3 hand axe of the Traitor {venom, +Fly HP+15 SInv}
   (You acquired it in the Dungeon)

   It poisons the flesh of those it strikes.
   It affects your health (+15).
   It enhances your eyesight.
   It lets you fly.
Missiles
 d - 3 throwing nets (quivered)
Armour
 L - a +5 gold dragon armour (worn)
 N - the +18 shield of the gong (worn) {rElec rN+ MR+ EV-5}
   (You found it in the Dungeon)

   It affects your evasion (-5).
   It insulates you from electricity.
   It protects you from negative energy.
   It affects your resistance to hostile enchantments.
 R - a +0 pair of boots of running (worn)
 Z - the +0 cloak of Penuak (worn) {+Twstr rElec Str+3 Slay+5}
   (You found it in the Dungeon)

   It affects your strength (+3).
   It affects your accuracy and damage with ranged weapons and melee attacks
   (+5).
   It insulates you from electricity.
   It can be evoked to create a twister.
Rods
 P - a cursed +5 iron rod (11/11)
   (You took it off a draconian in the Dungeon)
 T - a +0 rod of the swarm (13/13)
   (You took it off a spriggan berserker in the Dungeon)
Jewellery
 a - an amulet of warding (around neck)
 b - the amulet "Trim" {rCorr MR- Slay+4}
   (You found it in the Dungeon)

   [amulet of resist corrosion]

   It protects you from acid and corrosion.
   It affects your accuracy and damage with ranged weapons and melee attacks
   (+4).
   It affects your resistance to hostile enchantments.
 r - the ring of the First Wishes (left hand) {+Inv rN+ MP+5}
   (You found it in the Dungeon)

   [ring of positive energy]

   It protects you from negative energy.
   It affects your magic capacity (+5).
   It lets you turn invisible.
 s - the amulet of Curiosity {Gourm rN++ MR- Int+7 Dex+5}
   (You found it in the Dungeon)

   [amulet of the gourmand]

   It allows you to eat raw meat even when not hungry.
   It affects your intelligence (+7).
   It affects your dexterity (+5).
   It greatly protects you from negative energy.
   It affects your resistance to hostile enchantments.
 t - a +6 ring of strength (right hand)
 u - an uncursed ring of protection from magic
 S - an uncursed ring of protection from magic
 W - an uncursed ring of wizardry
Magical devices
 l - a wand of disintegration (7)
 m - a wand of fire (5)
 n - a wand of cold (5)
 o - a wand of draining (5)
Scrolls
 k - 4 scrolls of blinking
 y - 4 scrolls of amnesia
 z - 3 scrolls of recharging
 A - 7 scrolls of fog
 B - 3 scrolls of identify
 C - 5 scrolls of remove curse
 D - 2 scrolls of fear
Potions
 e - 9 potions of curing
 g - 10 potions of heal wounds
 h - 6 potions of haste
 i - 7 potions of magic
 j - 3 potions of berserk rage
 E - 2 potions of brilliance
 F - 2 potions of invisibility
 G - 2 potions of restore abilities
 H - 4 potions of resistance
 J - 5 potions of agility
 K - 5 potions of might
Books
 q - a manual of Spellcasting
 v - a tome of Destruction
Miscellaneous
 c - a fan of gales
 I - a sack of spiders
 Q - 3 stones of tremors (-32 inert)
 U - a lamp of fire
 X - an ornate deck of escape
 Y - a phial of floods
Comestibles
 f - 5 bread rations
 w - 42 fruits
 x - 4 meat rations


   Skills:
 - Level 16.0 Fighting
 - Level 18.2 Axes
 - Level 1.7 Throwing
 - Level 13.0 Armour
 - Level 2.6 Dodging
 - Level 13.5 Shields
 - Level 14.3 Invocations
 + Level 16.8 Evocations


You had 11 spell levels left.
You knew the following spells:

 Your Spells              Type           Power        Failure   Level  Hunger
a - Summon Butterflies    Summ           #.......     100%        1    ##.....


Dungeon Overview and Level Annotations

Branches:
Dungeon (1/1)

Altars:
Ashenzari
Cheibriados
Dithmenos
Elyvilon
Fedhas
Gozag
Kikubaaqudgha
Makhleb
Nemelex Xobeh
Okawaru
Qazlal
Ru
Sif Muna
Trog
Vehumet
Xom
Yredelemnul
Zin
The Shining One
Beogh
Jiyva
Lugonu

Annotations:
D exclusion: Roxanne, Louise, Norris, Roxanne, Saint Roka, Wiglaf


Innate Abilities, Weirdness & Mutations

You have a pair of small antennae on your head.
You are partially covered in iridescent scales (AC +4).
You sometimes gain a little power by taking damage.
When hurt, damage is shared between your health and your magic reserves.
You regenerate magic rapidly.
When low on magic, you restore magic in place of health.
Scrolls take you a little longer to read.
You are frail (-10% HP).


Message History

Visions of slaying Saint Roka flood into your mind.
You float gracefully downwards.
Splash!
You fall into the shallow water.
Moving in this stuff is going to be slow.
The vortex of raging winds lifts you up.
You fly up into the air.
* * * LOW HITPOINT WARNING * * *
Louise hits you with a flail of holy wrath!
* * * LOW HITPOINT WARNING * * *
You convulse!
* * * LOW HITPOINT WARNING * * *
Wiglaf hits you with a war axe of flaming!
* * * LOW HITPOINT WARNING * * *
You feel more protected from physical attacks.
Wiglaf burns you.
* * * LOW HITPOINT WARNING * * *
Saint Roka mumbles some strange prayers to Beogh against you.
Something smites you!
You die...

▓.§§§§8§8§§§..▓...
▓§§§§§§§§§§§..▓...
▓§§§§§§8§§§§§.▓...
▓§§§§§§§§§§§§§▓...
▓§§§§§§§§§§§§§▓...
▓§§§§§§§§§§§§§▓..▓
▓§§§v§§§§§§§§.▓.▓▓
▓@o§§§§§§§§§§.▓..▓
▓@g▓§§§.§§§▓..▓...
▓§▓▓▓§§§§§▓▓▓.▓▓▓▓
▓.§▓)§§§§§.▓..▓.§§
▓..§§§§§......▓.§.
▓.....§.......▓...
▓▓▓▓▓▓▓▓▓▓▓▓▓▓▓...
▓... ▓... ▓...


You could see Saint Roka, Wiglaf and Louise (invisible).

Vanquished Creatures
  A pandemonium lord (D)
  A shadow dragon (D)
  A balrug (D)
  A ghoul (D)
  A vampire knight (D)
  A fire dragon (D)
  3 hydras (D)
  A spriggan air mage (D)
  An anaconda (D)
  A vampire mage (D)
  4 soul eaters (D)
  A hell knight (D)
  5 spriggan berserkers (D)
  An unseen horror (shapeshifter) (D)
  A wretched star (D)
  A deep elf knight (D)
  2 skeletal warriors (D)
  An ice devil (D)
  A death drake (D)
  An oklob plant (D)
  A deep elf conjurer (D)
  A necromancer (D)
  An orb spider (D)
  6 draconians (D)
  2 ugly things (D)
  3 air elementals (D)
  4 shining eyes (D)
  2 sixfirhies (D)
  An orange demon (D)
  An elephant (D)
  An apocalypse crab (D)
  A rust devil (D)
  A water elemental (D)
  A fire drake (D)
  A spiny frog (D)
  A hellion (D)
  A smoke demon (D)
  A hellwing (D)
  A fire drake (shapeshifter) (D)
  A tormentor (D)
  2 red devils (D)
  3 blue devils (D)
  A raiju (D)
  2 vampires (D)
  A basilisk (D)
  A flying skull (D)
  2 deep elf magi (D)
  A shadow (D)
  A wyvern (shapeshifter) (D)
  2 yaks (D)
  2 deep elf fighters (D)
  2 ynoxinuls (D)
  A spriggan (D)
  4 wolves (D)
  4 neqoxecs (D)
  A hungry ghost (D)
  A chaos spawn (D)
  2 mottled dragons (D)
  A large abomination (D)
  A swamp drake (D)
  A phantom (D)
  A black bear (shapeshifter) (D)
  A necrophage (D)
  A black bear (D)
  A wasp (D)
  3 centaurs (D)
  An eye of draining (D)
  Sigmund (D)
  2 scorpions (D)
  3 killer bees (D)
  2 wights (D)
  2 crimson imps (D)
  2 iguanas (D)
  3 quasits (D)
  3 iron imps (D)
  2 worker ants (D)
  A sheep (D)
  A worm (D)
  A giant eyeball (D)
  4 ufetubi (D)
  6 adder skeletons (D)
  An adder zombie (D)
  A spectral bat (D)
  3 bat skeletons (D)
  A bat zombie (D)
  A ball python zombie (D)
  A giant gecko skeleton (D)
  2 jackals (D)
  A spectral giant cockroach (D)
  8 butterflies (D)
158 creatures vanquished.

Vanquished Creatures (collateral kills)
  A skeletal warrior (D)
  A swamp dragon (D)
  An ugly thing (D)
  A draconian (D)
  A tormentor (D)
  A yaktaur (D)
  A spriggan (D)
  A shadow (D)
  A phantom (D)
  A killer bee (D)
  An adder skeleton (D)
11 creatures vanquished.

Vanquished Creatures (others)
  A pandemonium lord (D)
  Agnes (D)
  Frances (D)
  Donald (D)
  Maud (D)
  Azrael (D)
  Josephine (D)
  2 water elementals (D)
  A smoke demon (D)
  Maurice (D)
  A hellwing (D)
  An orange demon (D)
  Sonja (D)
  2 air elementals (D)
  2 fire elementals (D)
  Menkaure (D)
  Duvessa (D)
  A wight (D)
  Crazy Yiuf (D)
  Jessica (D)
23 creatures vanquished.

Grand Total: 192 creatures vanquished

Notes
Turn   | Place    | Note
--------------------------------------------------------------
     0 | D        | BluebellGnoll, the Demonspawn Gladiator, began the quest for the Orb.
     0 | D        | Reached XP level 1. HP: 16/16 MP: 1/1
     0 | D        | Found a viscous altar of Jiyva.
     0 | D        | Found a corrupted altar of Lugonu.
     0 | D        | Found a white marble altar of Elyvilon.
     2 | D        | Found a sparkling altar of Nemelex Xobeh.
     2 | D        | Found a burning altar of Makhleb.
     3 | D        | Found a deep blue altar of Sif Muna.
     3 | D        | Found a bloodstained altar of Trog.
     6 | D        | Found an iron altar of Okawaru.
    11 | D        | Found a radiant altar of Vehumet.
    12 | D        | Found a basalt altar of Yredelemnul.
    48 | D        | Found a shimmering altar of Xom.
    59 | D        | Became a worshipper of Qazlal Stormbringer
    67 | D        | Reached skill level 6 in Armour
    67 | D        | Gained mutation: You have a pair of small antennae on your head. [demonic ancestry]
    67 | D        | Reached XP level 2. HP: 22/22 MP: 2/2
    72 | D        | Entered arena 1.
    72 | D        | Noticed a draconian
    72 | D        | Noticed a draconian
    77 | D        | Killed a draconian
    77 | D        | Reached skill level 9 in Axes
    77 | D        | Gained mutation: When hurt, damage is shared between your health and your magic reserves. [demonic ancestry]
    77 | D        | Reached XP level 3. HP: 15/27 MP: 3/3
    77 | D        | Gained mutation: You are partially covered in iridescent scales (AC +4). [demonic ancestry]
    77 | D        | Reached XP level 4. HP: 18/33 MP: 4/4
    77 | D        | Reached XP level 5. HP: 20/38 MP: 5/5
    77 | D        | Reached XP level 6. HP: 23/44 MP: 6/6
    80 | D        | Killed a draconian
    80 | D        | Reached skill level 10 in Axes
    80 | D        | Reached XP level 7. HP: 26/50 MP: 7/7
    84 | D        | Got the amulet "Trim" {rCorr MR- Slay+4}
   226 | D        | Entered arena 2.
   226 | D        | Noticed a phantom
   226 | D        | Noticed a phantom
   226 | D        | Noticed a necrophage
   235 | D        | Killed a necrophage
   235 | D        | Acquired Qazlal's first power
   235 | D        | Killed a phantom
   236 | D        | Killed a phantom
   242 | D        | Learned a level 1 spell: Summon Butterflies
   263 | D        | Entered arena 3.
   263 | D        | Noticed a centaur
   263 | D        | Noticed a centaur
   263 | D        | Noticed a yaktaur
   263 | D        | Noticed a centaur
   267 | D        | Killed a centaur
   267 | D        | Acquired Qazlal's second power
   267 | D        | Reached skill level 5 in Fighting
   267 | D        | Reached skill level 5 in Invocations
   267 | D        | Reached XP level 8. HP: 60/62 MP: 11/15
   267 | D        | Killed a centaur
   269 | D        | Killed a centaur
   270 | D        | Killed a yaktaur
   290 | D        | Entered arena 4.
   290 | D        | Noticed a black bear
   290 | D        | Noticed a cyan ugly thing
   290 | D        | Noticed a wyvern
   290 | D        | Noticed a white ugly thing
   295 | D        | Killed a wyvern
   295 | D        | Acquired Qazlal's third power
   295 | D        | Reached skill level 11 in Axes
   296 | D        | Killed a cyan ugly thing
   298 | D        | Killed a white ugly thing
   298 | D        | Gained mutation: You regenerate magic rapidly. [demonic ancestry]
   298 | D        | Reached XP level 9. HP: 62/76 MP: 15/22
   302 | D        | Killed a black bear
   302 | D        | Acquired Qazlal's fourth power
   395 | D        | Entered arena 5.
   395 | D        | Noticed a draconian
   395 | D        | Noticed a draconian
   395 | D        | Noticed a draconian
   395 | D        | Noticed a draconian
   395 | D        | Noticed a draconian
   399 | D        | Killed a draconian
   399 | D        | Reached skill level 10 in Fighting
   399 | D        | Reached skill level 12 in Axes
   403 | D        | Killed a draconian
   403 | D        | Killed a draconian
   404 | D        | Killed a draconian
   404 | D        | Reached skill level 13 in Axes
   405 | D        | Killed a draconian
   405 | D        | Reached skill level 5 in Evocations
   405 | D        | Gained mutation: You sometimes gain a little power by taking damage. [demonic ancestry]
   405 | D        | Reached XP level 10. HP: 72/88 MP: 19/23
   437 | D        | Entered arena 6.
   437 | D        | Noticed a deep elf fighter
   437 | D        | Noticed a deep elf mage
   437 | D        | Noticed a deep elf knight
   437 | D        | Noticed a deep elf conjurer
   437 | D        | Noticed a deep elf fighter
   437 | D        | Noticed a deep elf mage
   440 | D        | Killed a deep elf fighter
   440 | D        | Acquired Qazlal's fifth power
   441 | D        | Killed a deep elf fighter
   441 | D        | Killed a deep elf mage
   441 | D        | Killed a deep elf mage
   444 | D        | Killed a deep elf conjurer
   444 | D        | Killed a deep elf knight
   457 | D        | Identified the Handbook of Dark Magic (You found it in the Dungeon)
   466 | D        | Identified a +0 pair of boots of running (You found it in the Dungeon)
   587 | D        | Entered arena 7.
   587 | D        | Noticed a black bear
   587 | D        | Noticed a spriggan
   587 | D        | Noticed a spriggan rider
   587 | D        | Noticed a wolf
   587 | D        | Noticed a wolf
   587 | D        | Noticed a wolf
   588 | D        | Killed a wolf
   590 | D        | Killed a wolf
   590 | D        | Reached skill level 14 in Axes
   592 | D        | Killed a wolf
   594 | D        | Killed a spriggan
   595 | D        | Killed a black bear
   599 | D        | Killed a wasp
   601 | D        | Killed a spriggan
   615 | D        | Got the amulet of Curiosity {Gourm rN++ MR- Int+7 Dex+5}
   701 | D        | Entered arena 8.
   701 | D        | Noticed a neqoxec
   701 | D        | Noticed a human
   701 | D        | Noticed an unseen horror
   701 | D        | Noticed a green ugly thing
   701 | D        | Noticed a shining eye
   701 | D        | Noticed a neqoxec
   701 | D        | Noticed a shining eye
   701 | D        | Gained mutation: Scrolls take you a little longer to read. [a neqoxec]
   702 | D        | Killed a neqoxec
   702 | D        | Killed a neqoxec
   702 | D        | Killed a green ugly thing
   703 | D        | Gained mutation: You are frail (-10% HP). [a shining eye]
   704 | D        | Killed a shining eye
   705 | D        | Killed a shining eye
   705 | D        | Reached XP level 11. HP: 88/90 MP: 9/24
   708 | D        | a human changed into a fire drake
   710 | D        | Killed an unseen horror
   752 | D        | Entered arena 9.
   752 | D        | Noticed Beoryrgh the pandemonium lord
   752 | D        | Noticed a ynoxinul
   752 | D        | Noticed a quasit
   752 | D        | Noticed a neqoxec
   752 | D        | Noticed a red devil
   752 | D        | Noticed Efiegige the pandemonium lord
   752 | D        | Noticed a rust devil
   754 | D        | Killed a red devil
   754 | D        | Killed a quasit
   755 | D        | Killed a neqoxec
   756 | D        | Killed a rust devil
   756 | D        | Killed a ynoxinul
   768 | D        | Killed Efiegige the pandemonium lord
   777 | D        | Killed Beoryrgh the pandemonium lord
   777 | D        | Gained mutation: When low on magic, you restore magic in place of health. [demonic ancestry]
   777 | D        | Reached XP level 12. HP: 25/97 MP: 14/25
  1063 | D        | Entered arena 10.
  1063 | D        | Noticed a yak
  1063 | D        | Noticed a basilisk
  1063 | D        | Noticed a yak
  1063 | D        | Noticed an iguana
  1063 | D        | Noticed a spiny frog
  1063 | D        | Noticed an iguana
  1064 | D        | Killed a yak
  1064 | D        | Reached skill level 15 in Axes
  1064 | D        | Killed a basilisk
  1064 | D        | Reached skill level 10 in Invocations
  1064 | D        | Killed a spiny frog
  1070 | D        | Killed an iguana
  1070 | D        | Killed an iguana
  1075 | D        | Killed a yak
  1122 | D        | Entered arena 11.
  1122 | D        | Noticed a death drake
  1122 | D        | Noticed a six-headed hydra
  1122 | D        | Noticed a fire drake
  1122 | D        | Noticed a mottled dragon
  1122 | D        | Noticed a seven-headed hydra
  1122 | D        | Noticed a mottled dragon
  1122 | D        | Noticed a four-headed hydra
  1122 | D        | Noticed a swamp dragon
  1123 | D        | Noticed a swamp drake
  1123 | D        | Noticed a fire dragon
  1124 | D        | Killed a mottled dragon
  1124 | D        | Killed a mottled dragon
  1124 | D        | Killed a swamp drake
  1124 | D        | Killed a fire drake
  1124 | D        | Killed a four-headed hydra
  1124 | D        | Killed a six-headed hydra
  1124 | D        | Reached skill level 10 in Evocations
  1125 | D        | Killed a death drake
  1129 | D        | Killed a swamp dragon
  1129 | D        | Killed an eight-headed hydra
  1130 | D        | Killed a fire dragon
  1130 | D        | Reached skill level 16 in Axes
  1164 | D        | Entered arena 12.
  1164 | D        | Noticed a spriggan berserker
  1164 | D        | Noticed a spriggan berserker
  1164 | D        | Noticed an anaconda
  1164 | D        | Noticed a wolf
  1164 | D        | Noticed a spriggan air mage
  1164 | D        | Noticed a spriggan berserker
  1165 | D        | Killed a spriggan air mage
  1165 | D        | Killed a wolf
  1166 | D        | Noticed a spriggan berserker
  1166 | D        | Noticed a spriggan berserker
  1166 | D        | Noticed an oklob plant
  1166 | D        | Identified a +0 rod of the swarm (8/13)
  1167 | D        | Killed a spriggan berserker
  1168 | D        | Killed a spriggan berserker
  1168 | D        | Killed a spriggan berserker
  1168 | D        | Killed a spriggan berserker
  1169 | D        | Killed an anaconda
  1169 | D        | Reached XP level 13. HP: 85/101 MP: 9/29
  1173 | D        | Killed an oklob plant
  1177 | D        | Killed a spriggan berserker
  1189 | D        | Got a brightly glowing hand axe
  1192 | D        | Identified the +3 hand axe of the Traitor {venom, +Fly HP+15 SInv} (You acquired it in the Dungeon)
  1203 | D        | Got the ring "Exzoc" {+Fly MP+5}
  1279 | D        | Entered arena 13.
  1279 | D        | Noticed a vampire mage
  1279 | D        | Noticed a ghoul
  1279 | D        | Noticed a skeletal warrior
  1279 | D        | Noticed a skeletal warrior
  1281 | D        | Noticed a shadow
  1283 | D        | Killed a vampire mage
  1284 | D        | Noticed a vampire knight
  1284 | D        | Noticed a skeletal warrior
  1284 | D        | Noticed a wight
  1285 | D        | Noticed a necromancer
  1285 | D        | Noticed a wight
  1288 | D        | Killed a skeletal warrior
  1288 | D        | Reached skill level 17 in Axes
  1292 | D        | Killed a ghoul
  1292 | D        | Reached skill level 15 in Fighting
  1292 | D        | Killed a wight
  1293 | D        | Killed a shadow
  1295 | D        | Killed a skeletal warrior
  1298 | D        | Killed a skeletal warrior
  1299 | D        | Killed a necromancer
  1306 | D        | Killed a vampire knight
  1308 | D        | Killed a wight
  1323 | D        | Entered arena 14.
  1323 | D        | Noticed a raiju
  1323 | D        | Noticed a hungry ghost
  1323 | D        | Noticed a quasit
  1323 | D        | Noticed an iron imp
  1324 | D        | Noticed a hellwing
  1324 | D        | Noticed an orb spider
  1324 | D        | Noticed an apocalypse crab
  1324 | D        | Noticed a quasit
  1324 | D        | Noticed a crimson imp
  1324 | D        | Noticed an iron imp
  1325 | D        | Noticed a large abomination
  1325 | D        | Noticed a wretched star
  1325 | D        | Noticed an iron imp
  1327 | D        | Killed an iron imp
  1327 | D        | Killed a quasit
  1327 | D        | Killed an iron imp
  1327 | D        | Killed an orb spider
  1327 | D        | Killed a quasit
  1327 | D        | Killed a crimson imp
  1327 | D        | Killed an iron imp
  1327 | D        | Killed a hungry ghost
  1327 | D        | Killed a hellwing
  1327 | D        | Reached skill level 18 in Axes
  1328 | D        | Killed a raiju
  1328 | D        | Killed a large abomination
  1328 | D        | Killed an apocalypse crab
  1329 | D        | Killed a wretched star
  1341 | D        | Got the +0 cloak of Penuak {+Twstr rElec Str+3 Slay+5}
  1389 | D        | Entered arena 15.
  1389 | D        | Noticed a shadow dragon
  1390 | D        | Noticed a soul eater
  1390 | D        | Noticed a soul eater
  1391 | D        | Noticed a soul eater
  1393 | D        | Killed a soul eater
  1398 | D        | Killed a soul eater
  1400 | D        | Killed a shadow dragon
  1403 | D        | Killed a soul eater
  1412 | D        | Got the ring of the First Wishes {+Inv rN+ MP+5}
  1426 | D        | Entered arena 16.
  1426 | D        | Noticed a vampire
  1432 | D        | Noticed a flying skull
  1432 | D        | Noticed a crimson imp
  1432 | D        | Noticed a wight
  1432 | D        | Noticed a tormentor
  1432 | D        | Noticed a balrug
  1432 | D        | Noticed a shadow
  1432 | D        | Noticed a vampire
  1432 | D        | Noticed a hell knight
  1432 | D        | Noticed a hellion
  1432 | D        | Noticed a tormentor
  1432 | D        | Killed a vampire
  1434 | D        | Killed a wight
  1434 | D        | Killed a flying skull
  1434 | D        | Killed a hell knight
  1434 | D        | Killed a hellion
  1434 | D        | Killed a crimson imp
  1434 | D        | Killed a vampire
  1435 | D        | Killed a tormentor
  1435 | D        | Reached skill level 15 in Evocations
  1436 | D        | Killed a shadow
  1437 | D        | Killed a balrug
  1439 | D        | Killed a tormentor
  1715 | D        | Entered arena 17.
  1722 | D        | Noticed Agnes
  1722 | D        | Noticed Sonja
  1722 | D        | Noticed Sigmund
  1724 | D        | Noticed Maud
  1724 | D        | Noticed Josephine
  1725 | D        | Noticed Norris
  1725 | D        | Noticed Maurice
  1725 | D        | Noticed Azrael
  1726 | D        | Noticed Wiglaf
  1726 | D        | Killed Crazy Yiuf
  1726 | D        | Killed Menkaure
  1726 | D        | Killed Jessica
  1727 | D        | Noticed Duvessa
  1727 | D        | Noticed Frances
  1727 | D        | Noticed Louise
  1727 | D        | Noticed Donald
  1727 | D        | Killed Sonja
  1727 | D        | Killed Duvessa
  1727 | D        | Killed Maurice
  1728 | D        | Killed Sigmund
  1729 | D        | Noticed Roxanne
  1729 | D        | Noticed Saint Roka
  1729 | D        | Killed Josephine
  1730 | D        | Killed Agnes
  1730 | D        | Killed Azrael
  1732 | D        | Killed Maud
  1732 | D        | Killed Donald
  1732 | D        | Paralysed by Norris for 5 turns
  1734 | D        | Killed Frances
  1735 | D        | HP: 3/104 [Wiglaf/war axe of flaming (9)]
  1735 | D        | HP: 1/104 [Wiglaf/war axe of flaming (2)]
  1735 | D        | Killed from afar by Saint Roka

Action                   |  1- 3 |  4- 6 |  7- 9 | 10-12 | 13-15 || total
-------------------------+-------+-------+-------+-------+-------++-------
Melee: Broad axe         |     4 |     3 |    30 |    54 |    44 ||   135
Invok: Upheaval          |       |       |       |     6 |     3 ||     9
       Disaster Area     |       |       |       |     7 |     5 ||    12
       Elemental Force   |       |       |       |     1 |     1 ||     2
 Abil: Evoke Twister     |       |       |       |       |     2 ||     2
Evoke: Stone of tremors  |       |       |       |     2 |     3 ||     5
       Fan of gales      |       |       |       |     1 |     1 ||     2
       Lamp of fire      |       |       |       |       |     2 ||     2
       Phial of floods   |       |       |       |       |     2 ||     2
  Use: Potion            |     1 |       |     1 |     5 |     1 ||     8
       Scroll            |       |       |       |     1 |     4 ||     5
 Stab: Distracted        |       |       |     2 |     2 |     2 ||     6
  Eat: Chunk             |       |       |       |    26 |       ||    26
